 Dungeon Crawl Stone Soup version 0.22.0-13-g43fe8f24b8 (webtiles) character file.

1741 Htamos the Fighter (level 9, -11/101 HPs)
             Began as an Ogre Fighter on Aug 16, 2018.
             Was a Believer of Kikubaaqudgha.
             Killed from afar by Harold (18 damage)
             ... with a wand of acid (1)
             ... on level 7 of the Dungeon.
             The game lasted 00:09:25 (8068 turns).

Htamos the Fighter (Ogre Fighter)                   Turns: 8068, Time: 00:09:25

Health: -11/101    AC: -5    Str: 21 (22) XL:     9   Next: 5%
Magic:  9/9        EV:  6    Int:  8 (9)  God:    Kikubaaqudgha [**....]
Gold:   234        SH:  0    Dex:  9 (11) Spells: 8/8 levels left

rFire    . . .     SeeInvis .   B - +0 morningstar
rCold    + . .     Gourm    .   (no shield)
rNeg     . . .     Faith    .   b - +0 robe
rPois    .         Spirit   .   (helmet restricted)
rElec    .         Reflect  .   (no cloak)
rCorr    .         Harm     .   (gloves unavailable)
MR       .....                  (boots unavailable)
Stlth    +.........             (no amulet)
HPRegen  0.26/turn              p - ring of protection from cold
MPRegen  0.11/turn              (no ring)

@: corroded, held
A: large, unfitting armour, tough skin 1
a: Receive Corpses, Renounce Religion


You were on level 7 of the Dungeon.
You worshipped Kikubaaqudgha.
Kikubaaqudgha was pleased with you.
You were not hungry.

You visited 1 branch of the dungeon, and saw 7 of its levels.

You collected 258 gold pieces.
You spent 24 gold pieces at shops.

Inventory:

Hand Weapons
 a - a +0 flail
 d - a +0 giant club
 B - a +0 morningstar (weapon)
 C - a +1 whip of electrocution
Missiles
 m - 153 stones (quivered)
 s - 48 sling bullets
 y - 10 tomahawks
Armour
 b - a +0 robe (worn)
 c - a +0 shield
 n - the +4 large shield "Xeam" {rF+, unknown}
   (You found it on level 4 of the Dungeon)

   It protects you from fire.
Jewellery
 j - an uncursed amulet of harm
 p - a ring of protection from cold (left hand)
Scrolls
 g - a scroll of blinking {unknown}
 h - 7 scrolls of teleportation
 l - 3 scrolls of amnesia {unknown}
 o - 2 scrolls of fear
 q - a scroll of magic mapping
 t - 3 scrolls of remove curse
 v - a scroll of fog {unknown}
 A - 2 scrolls of identify
Potions
 i - 2 potions of lignification
 r - 4 potions of resistance
 w - a potion of cancellation {unknown}
 x - 2 potions of curing {unknown}
 z - a potion of might
Comestibles
 f - 11 rations
 k - a chunk of flesh


   Skills:
 * Level 10.1 Fighting
 + Level 4.9 Maces & Flails
 + Level 5.3 Dodging
 - Level 3.4 Shields
 + Level 3.7 Necromancy


You had 8 spell levels left.
You didn't know any spells.
Your spell library contained the following spells:

 Spells                   Type           Power        Failure   Level  Hunger
 Magic Dart               Conj           #...         41%         1    ##.....
 Conjure Flame            Conj/Fire      #.......     78%         3    ####...
 Slow                     Hex            #.......     54%         2    ###....
 Confuse                  Hex            #.......     78%         3    ####...
 Throw Frost              Conj/Ice       #.....       54%         2    ###....
 Mephitic Cloud           Conj/Pois/Air  #.......     78%         3    ####...
 Blink                    Tloc           N/A          54%         2    ###....
 Pain                     Necr           #...         10%         1    ##.....
 Animate Skeleton         Necr           N/A          10%         1    ##.....
 Vampiric Draining        Necr           #.........   28%         3    ####...
 Freeze                   Ice            #...         41%         1    ##.....
 Summon Ice Beast         Ice/Summ       #.......     99%         4    #####..
 Ozocubu's Armour         Chrm/Ice       #.......     78%         3    ####...
 Call Imp                 Summ           #.......     54%         2    ###....
 Dispel Undead            Necr           #.......     95%         5    ######.
 Sublimation of Blood     Necr           #.........   14%         2    ###....
 Agony                    Necr           #.......     95%         5    ######.
 Death Channel            Necr           #.........   100%        6    #######
 Throw Icicle             Conj/Ice       #.......     99%         4    #####..
 Confusing Touch          Hex            #.....       41%         1    ##.....
 Metabolic Englaciation   Hex/Ice        #.........   100%        5    ######.
 Simulacrum               Ice/Necr       #.........   100%        6    #######
 Petrify                  Tmut/Erth      #.......     99%         4    #####..
 Gell's Gravitas          Tloc           #.........   78%         3    ####...
 Yara's Violent Unravell  Hex/Tmut       #.........   100%        5    ######.
 Borgnjor's Vile Clutch   Necr/Erth      #.........   99%         5    ######.


Dungeon Overview and Level Annotations

Branches:
Dungeon (7/15)             Temple (0/1) D:5

Altars:
Kikubaaqudgha
Nemelex Xobeh
Sif Muna
The Shining One

Shops:
D:4 ?   D:5 }

Annotations:
D:7 Harold


Innate Abilities, Weirdness & Mutations

You are too large for most types of armour.
You have tough skin. (AC +1)


Message History

The acid corrodes you!
You are splashed with acid!
The acid burns!
It is a wand of acid (4).
Harold throws a throwing net.
The throwing net hits you.
You become entangled in the net!
You see here a throwing net.
You struggle against the net.
Harold zaps a wand.
The bolt of acid misses you.
You struggle against the net.
Harold zaps a wand.
The bolt of acid hits you!
* * * LOW HITPOINT WARNING * * *
You are splashed with acid!
The acid burns!
* * * LOW HITPOINT WARNING * * *
You struggle against the net.
Harold zaps a wand.
The bolt of acid hits you!
* * * LOW HITPOINT WARNING * * *
The acid corrodes you!
You are splashed with acid!
The acid burns!
* * * LOW HITPOINT WARNING * * *
Unknown command.
As you read the scroll of fear, it crumbles to dust.
You assume a fearsome visage.
Harold resists with some effort.
Harold zaps a wand.
The bolt of acid hits you!
You die...
Kikubaaqudgha rasps: "You have failed me!
Welcome... death!"

..).# ...+ ...#
. ...#
..###########.#
..............#
..............#
...@...@.....<#
..............#
....$....)....#
..............#
..............#
..............#
..............#
##............#


You could see Harold.

Vanquished Creatures
  A sky beast (D:5)
  A phantom (D:4)
  2 ice beasts
  An ogre (D:3)
  A centaur (D:6)
  3 scorpions (D:6)
  A howler monkey (D:4)
  A crimson imp (D:5)
  A bullfrog zombie (D:4)
  3 hounds
  5 orc priests
  A centaur skeleton (D:4)
  8 orc wizards
  2 bullfrog skeletons
  4 iguanas
  5 worker ants
  A howler monkey skeleton (D:5)
  7 adders
  A shadow imp (D:6)
  An ooze (D:5)
  An adder skeleton (D:4)
  A worm (D:4)
  2 dart slugs
  5 leopard geckos
  15 orcs
  4 ball pythons
  6 giant cockroaches
  11 goblins
  6 hobgoblins (D:1)
  7 jackals
  3 quokkas
  8 bats
  3 frilled lizards
  7 kobolds
  A leopard gecko skeleton (D:5)
  6 rats
136 creatures vanquished.

Vanquished Creatures (others)
  An orc wizard (D:6)
1 creature vanquished.

Grand Total: 137 creatures vanquished

Notes
Turn   | Place    | Note
-------+----------+-------------------------------------------
     0 | D:1      | Htamos the Ogre Fighter began the quest for the Orb.
     0 | D:1      | Reached XP level 1. HP: 24/24 MP: 1/1
   237 | D:1      | Reached XP level 2. HP: 32/32 MP: 2/2
   743 | D:1      | Reached XP level 3. HP: 33/40 MP: 3/3
  1136 | D:2      | Found an ancient bone altar of Kikubaaqudgha.
  1154 | D:2      | Became a worshipper of Kikubaaqudgha
  1327 | D:2      | Found a glowing golden altar of the Shining One.
  1810 | D:2      | Reached XP level 4. HP: 49/49 MP: 4/4
  2004 | D:2      | Reached skill level 5 in Fighting
  2490 | D:3      | Noticed an ogre
  2503 | D:3      | Killed an ogre
  2503 | D:3      | Reached XP level 5. HP: 55/59 MP: 5/5
  2557 | D:3      | Reached * piety under Kikubaaqudgha
  2557 | D:3      | Identified Kikubaaqudgha's Incunabulum of Evil (Kikubaaqudgha gifted it to you on level 3 of the Dungeon)
  2557 | D:3      | Received a gift from Kikubaaqudgha
  2564 | D:3      | Reached skill level 6 in Fighting
  3187 | D:4      | Found Kazi's Magic Scroll Emporium.
  3190 | D:4      | Reached XP level 6. HP: 66/67 MP: 6/6
  3214 | D:4      | Bought a scroll of identify for 24 gold pieces
  3474 | D:4      | Noticed a phantom
  3509 | D:4      | Killed a phantom
  3509 | D:4      | Reached skill level 1 in Necromancy
  3510 | D:4      | Got a shimmering large shield
  3989 | D:4      | Reached skill level 7 in Fighting
  3989 | D:4      | Reached XP level 7. HP: 61/78 MP: 7/7
  4496 | D:5      | Entered Level 5 of the Dungeon
  4571 | D:5      | Reached ** piety under Kikubaaqudgha
  4825 | D:5      | Found Femaokk's Gadget Emporium.
  5146 | D:5      | Found a sparkling altar of Nemelex Xobeh.
  5176 | D:5      | Found a staircase to the Ecumenical Temple.
  5393 | D:5      | Reached skill level 8 in Fighting
  5432 | D:5      | Reached XP level 8. HP: 76/88 MP: 8/8
  6235 | D:5      | Reached skill level 9 in Fighting
  6676 | D:6      | Reached skill level 5 in Dodging
  6974 | D:6      | Found a deep blue altar of Sif Muna.
  6989 | D:6      | Reached *** piety under Kikubaaqudgha
  6989 | D:6      | Identified Kikubaaqudgha's Volume of Evil Arts (Kikubaaqudgha gifted it to you on level 6 of the Dungeon)
  6989 | D:6      | Received a gift from Kikubaaqudgha
  7868 | D:6      | Reached skill level 10 in Fighting
  7868 | D:6      | Reached XP level 9. HP: 78/101 MP: 9/9
  7876 | D:7      | Noticed Harold
  8068 | D:7      | Killed from afar by Harold

Skill      XL: |  1  2  3  4  5  6  7  8 |
---------------+-------------------------+-----
Maces & Flails | 2 3 4 |  4.9
Shields        | 3 |  3.4
Dodging        | 3 4 5 |  5.3
Fighting       | 5 6 7 8 10 | 10.1
Necromancy     | 1 2 3 |  3.7

Action                   |  1- 3 |  4- 6 |  7- 9 || total
-------------------------+-------+-------+-------++-------
Melee: Flail             |   147 |    61 |    24 ||   232
       Giant club        |       |    79 |   133 ||   212
       Whip              |       |       |    85 ||    85
       Morningstar       |       |       |    32 ||    32
  Use: Potion            |       |     1 |     6 ||     7
       Scroll            |       |     6 |     1 ||     7
 Stab: Sleeping          |       |       |     1 ||     1
  Eat: Chunk             |     3 |     7 |    10 ||    20
       Ration            |       |       |     1 ||     1
Armor: Robe              |    50 |    32 |    59 ||   141
       Skin              |       |       |    66 ||    66
Dodge: Dodged            |    63 |    80 |   161 ||   304
Block: Shield            |    94 |    36 |       ||   130
